 Dungeon Crawl Stone Soup version 0.29.1-1-gd02db6906a (webtiles) character file.

Game seed: 13049540555730108492

67398 warriortoast the Fighter (level 14, -14/129 HPs)
             Began as a Minotaur Fighter on Oct 4, 2022.
             Was the Champion of Okawaru.
             Demolished by an ettin
             ... wielding a +0 dire flail
              (25 damage)
             ... on level 1 of the Orcish Mines on Oct 5, 2022.
             The game lasted 00:54:17 (27608 turns).

warriortoast the Fighter (Minotaur Fighter)        Turns: 27608, Time: 00:54:18

Health: -14/129    AC: 27    Str: 25      XL:     14   Next: 82%
Magic:  21/21      EV: 11    Int:  3 (5)  God:    Okawaru [******]
Gold:   1957       SH:  6    Dex: 11      Spells: 13/13 levels left

rFire   + . .      SeeInvis .   K - +7 broad axe of the Hero {vorpal, Stlth+}
rCold   . . .      Faith    .   h - +0 buckler {rPois}
rNeg    . . .      Spirit   .   V - +2 plate armour {rF+}
rPois   +          Reflect  .   (helmet restricted)
rElec   .          Harm     .   o - +2 cloak
rCorr   +          Rampage  +   I - +0 pair of gloves
Will    +....                   C - +0 pair of boots {rampage}
Stlth   ..........              (no amulet)
HPRegen 0.31/turn               n - +4 ring of protection
MPRegen 0.17/turn               N - ring of resist corrosion

@: no status effects
A: horns 2, retaliatory headbutt
a: Renounce Religion, Heroism, Finesse, Duel


You were on level 1 of the Orcish Mines.
You worshipped Okawaru.
Okawaru was exalted by your worship.
You visited 4 branches of the dungeon, and saw 20 of its levels.
You also visited: Volcano.

You collected 2166 gold pieces.
You spent 209 gold pieces at shops.

Inventory:

Hand Weapons
 c - the +5 hand axe of Foereedghinne {protect, rC+ rN+ Int+2}
   (You found it on level 5 of the Lair of Beasts)

   It grants its wielder temporary protection when it strikes (+7 to AC).
   Int:       It affects your intelligence (+2).
   rC:        It protects you from cold.
   rN:        It protects you from negative energy.
 l - a +0 eveningstar of flaming
 s - the +7 rapier "Neosh" {antimagic, rF+ Str+2 Int+3}
   (Okawaru gifted it to you on level 5 of the Lair of Beasts)

   It reduces the magical energy of the wielder, and disrupts the spells and
   magical abilities of those it strikes.
   Natural abilities and divine invocations are not affected.
   Str:       It affects your strength (+2).
   Int:       It affects your intelligence (+3).
   rF:        It protects you from fire.
 K - the +7 broad axe of the Hero (weapon) {vorpal, Stlth+}
   (You found it on level 8 of the Dungeon)

   It inflicts extra damage upon your enemies.
   Stlth:     It makes you more stealthy.
Missiles
 b - 3 throwing nets
 i - 3 silver javelins
 T - 10 javelins (quivered)
Armour
 a - the +1 chain mail of Zin, Forging {+Inv rF- Regen+ Stlth+}
   (You found it on level 9 of the Dungeon)

   rF:        It makes you vulnerable to fire.
   +Inv:      It lets you turn invisible.
   Regen:     It increases your rate of health regeneration.
   Stlth:     It makes you more stealthy.
 h - a +0 buckler of poison resistance (worn)
 o - a +2 cloak (worn)
 w - a +0 kite shield
 C - a +0 pair of boots of rampaging (worn)
 I - a +0 pair of gloves (worn)
 V - a +2 plate armour of fire resistance (worn)
 Y - the +6 chain mail "Batzus" {rElec rF+ Will- Int+2}
   (Okawaru gifted it to you on level 3 of the Lair of Beasts)

   Int:       It affects your intelligence (+2).
   rF:        It protects you from fire.
   rElec:     It insulates you from electricity.
   Will:      It decreases your willpower.
Jewellery
 n - a +4 ring of protection (left hand)
 v - a ring of wizardry
 D - an amulet of reflection
 N - a ring of resist corrosion (right hand)
Wands
 d - a wand of polymorph (3)
 S - a wand of digging (5)
Scrolls
 f - 5 scrolls of teleportation
 g - a scroll of summoning {unknown}
 m - 9 scrolls of enchant armour
 q - 4 scrolls of fog
 t - 9 scrolls of poison
 u - 3 scrolls of blinking
 x - a scroll of magic mapping
 E - 2 scrolls of enchant weapon
 M - a scroll of torment {unknown}
 R - 5 scrolls of amnesia
 W - a scroll of fear {unknown}
Potions
 e - 7 potions of haste
 j - 6 potions of flight
 k - 2 potions of resistance
 p - a potion of cancellation
 r - 4 potions of magic
 z - a potion of might
 A - 4 potions of brilliance
 B - 2 potions of lignification
 F - 3 potions of heal wounds
 G - 6 potions of curing
 P - 2 potions of attraction


   Skills:
 + Level 13.0 Fighting
 + Level 12.7(13.0) Axes
 + Level 4.1(9.2) Maces & Flails
 - Level 9.0 Throwing
 - Level 10.3 Armour
 - Level 12.9 Dodging
 - Level 3.9 Stealth
 - Level 10.3 Shields
 + Level 11.4 Invocations


You had 13 spell levels left.
You didn't know any spells.
Your spell library contained the following spells:

 Spells                   Type           Power      Damage    Failure   Level
 Apportation              Tloc           0%         N/A       100%        1
 Magic Dart               Conj           0%         1d3       100%        1
 Ensorcelled Hibernation  Hex/Ice        0%         N/A       100%        2
 Passwall                 Tmut/Erth      0%         N/A       100%        2
 Poisonous Vapours        Pois/Air       0%         N/A       100%        2
 Searing Ray              Conj           0%         2d4       100%        2
 Portal Projectile        Hex/Tloc       0%         N/A       100%        3
 Swiftness                Air            0%         N/A       100%        3
 Corpse Rot               Necr/Pois/Air  0%         N/A       100%        4
 Fulminant Prism          Conj/Hex       0%         3d6       100%        4
 Leda's Liquefaction      Hex/Erth       0%         N/A       100%        4
 Passage of Golubria      Tloc           0%         N/A       100%        4
 Petrify                  Tmut/Erth      0%         N/A       100%        4
 Alistair's Intoxication  Tmut/Pois      0%         N/A       100%        5
 Metabolic Englaciation   Hex/Ice        0%         N/A       100%        5
 Silence                  Hex/Air        0%         N/A       100%        5
 Statue Form              Tmut/Erth      0%         N/A       100%        6
 Lehudib's Crystal Spear  Conj/Erth      0%         10d2      100%        8
 Call Canine Familiar     Summ           Unusable   N/A       N/A         3

Dungeon Overview and Level Annotations

Branches:
Dungeon (12/15)            Temple (1/1) D:5            Lair (5/5) D:8
 Shoals (0/4) Lair:2        Snake (0/4) Lair:2        Slime (0/5) Lair:5
    Orc (2/2) D:12            Elf (0/3) Orc:2       Volcano (visited)

Altars:
Ashenzari
Cheibriados
Dithmenos
Elyvilon
Fedhas
Gozag
Hepliaklqana
Kikubaaqudgha
Makhleb
Nemelex Xobeh
Okawaru
Qazlal
Ru
Sif Muna
Trog
Uskayaw
Vehumet
Wu Jian
Xom
Yredelemnul
Zin
The Shining One
Jiyva

Shops:
D:7 *   Orc:2 [

Portals:
Trove: D:11 (give 8 potions of haste)


Innate Abilities, Weirdness & Mutations

You have a pair of horns on your head.
You reflexively headbutt those who attack you in melee.


Message History

The orc knight hits you with a +0 long sword!
The ettin barely misses you. You furiously retaliate!
You headbutt the ettin, but do no damage.
The ettin hits you with a +0 dire flail.
You closely miss the orc knight.
You headbutt the orc knight, but do no damage.
The orc knight is heavily wounded.
You hit the ettin.
The orc knight hits you with a +0 long sword.
You block the ettin's attack. The ettin closely misses you.
You hit the orc knight.
The orc knight is heavily wounded.
You barely miss the ettin.
The orc knight hits you but does no damage.
The ettin hits you with a +0 dire flail!!
The ettin closely misses you.
Unknown command.
You slash the orc knight!
The orc knight is severely wounded.
You hit the ettin. The orc knight closely misses you. You furiously retaliate!
You headbutt the orc knight! The ettin hits you but does no damage.
The ettin hits you with a +0 dire flail!!
You are too injured to fight recklessly!
Unknown command.
You are too injured to fight recklessly!
You slice the orc knight!!
You kill the orc knight!
Okawaru accepts your kill.
You hit the ettin but do no damage.
The ettin hits you with a +0 dire flail.
The ettin hits you but does no damage.
You hit the ettin but do no damage. You headbutt the ettin.
The ettin is heavily wounded.
The ettin hits you with a +0 dire flail!!
* * * LOW HITPOINT WARNING * * *
The ettin hits you but does no damage.
You completely miss the ettin.
The ettin is heavily wounded.
The ettin hits you with a +0 dire flail!!
You die...

................##.#######
........#...........##.#.##
................##.##.....##
#........................#.##
#..................#........#
....#...................##.##
#..##....................###
...............[.)......#.##
...............)@<.........#
.....#.........[C[........##
#...###.#..................##
....####......).............##
.....###..^...)).........#.#.##
....##..........#.#.....#.....#
................##....#......##
.......###......##...........##
........#........##...#.##....#


You could see an ettin.

Vanquished Creatures
  Snorg (Orc:2)
  The ghost of Zaegoraum the Carver, a journeyman DsAK of Lugonu (Lair:4)
  Harold (Lair:2)
  2 boulder beetles
  7 hydras
  The ghost of TheSexyCheese the Grappler, a novice TrBe of Trog (D:9)
  The ghost of quakins the Severer, a novice MiBe of Trog (D:9)
  2 two-headed ogres
  6 death yaks (Lair:2)
  The ghost of nickcage the Impaler, a novice MfGl (D:9)
  The ghost of juncz the Frost Mage, a novice GnIE of Ashenzari (D:9)
  The ghost of DemonSlayer the Arsonist, a novice DsFE (D:8)
  5 skeletal warriors
  An orc knight (Orc:1)
  3 anaconda skeletons (Volcano)
  3 oklob plants (Lair:5)
  2 ugly things (D:12)
  An orc sorcerer (Orc:1)
  A moth of wrath (Lair:4)
  4 cyclopes (D:11)
  A manticore (D:12)
  17 elephants
  8 black mambas
  5 cane toads
  5 gargoyles
  A kobold demonologist (D:9)
  The ghost of RogueRain17 the Destroyer, a novice DsCj of Ashenzari (D:7)
  3 rime drakes
  An efreet (D:10)
  A tengu conjurer (D:8)
  A troll (D:11)
  9 komodo dragons
  9 hornets
  8 polar bears
  5 blink frogs (Lair:2)
  5 saltlings (Orc:2)
  4 dream sheep (Lair:3)
  3 flying skulls (Volcano)
  A shadow (D:11)
  18 spriggans
  2 wraiths
  4 alligator skeletons (Volcano)
  2 wyverns
  46 yaks
  A steam dragon (D:7)
  4 basilisks
  Eustachio (D:4)
  A warg (Orc:2)
  3 acid dragons
  2 hell hounds (Lair:5)
  13 water moccasins
  Pargi (D:3)
  8 orc warriors
  2 black bears (Lair:5)
  4 boggarts
  An ice beast (D:6)
  3 ogres
  4 sky beasts
  21 wolves
  5 centaurs
  A phantom (D:5)
  5 kobold brigands
  16 bullfrogs
  4 scorpions
  A gnoll sergeant (D:9)
  A wyvern zombie (D:7)
  7 wights
  7 killer bees (D:9)
  3 spriggan skeletons (Volcano)
  A howler monkey (D:8)
  An electric eel (Lair:2)
  A centaur zombie (D:7)
  12 orc priests
  6 hounds
  2 jellies
  2 iguanas
  16 hell rats
  9 orc wizards
  A naga skeleton (Volcano)
  A hound zombie (D:2)
  8 gnolls
  6 adders
  2 shadow imps
  2 white imps
  2 ufetubi
  An adder skeleton (D:2)
  An adder zombie (D:2)
  4 worms
  5 dart slugs
  68 orcs
  5 ball pythons
  8 bats
  A bat skeleton (D:2)
  7 endoplasms
  3 giant cockroaches
  5 goblins
  7 hobgoblins
  23 kobolds
  3 quokkas
  A ball python skeleton (D:2)
  2 frilled lizards
  A quokka zombie (D:2)
  6 rats
  2 butterflies (D:8)
549 creatures vanquished.

Vanquished Creatures (others)
  A white imp (D:7)
  38 fungi
  8 pillars of salt (Orc:2)
  52 plants
99 creatures vanquished.

Grand Total: 648 creatures vanquished

Notes
Turn   | Place    | Note
-------+----------+-------------------------------------------
     0 | D:1      | warriortoast the Minotaur Fighter began the quest for the
                  | Orb.
     0 | D:1      | Reached XP level 1. HP: 19/19 MP: 0/0
    91 | D:1      | Found a faded altar of an unknown god.
   252 | D:1      | Reached XP level 2. HP: 27/27 MP: 1/1
   602 | D:1      | Reached skill level 4 in Fighting
   962 | D:2      | Reached XP level 3. HP: 33/33 MP: 2/2
  1621 | D:2      | Reached XP level 4. HP: 41/41 MP: 3/3
  1854 | D:3      | Reached skill level 5 in Fighting
  1969 | D:3      | Noticed Pargi
  1975 | D:3      | Killed Pargi
  1976 | D:3      | Reached skill level 5 in Axes
  1976 | D:3      | Reached XP level 5. HP: 40/50 MP: 4/4
  2054 | D:3      | Found a radiant altar of Vehumet.
  2109 | D:3      | Reached skill level 6 in Fighting
  2465 | D:3      | Reached XP level 6. HP: 57/57 MP: 5/5
  2856 | D:4      | Noticed a water moccasin
  2868 | D:4      | Killed a water moccasin
  3012 | D:4      | Reached skill level 7 in Fighting
  3012 | D:4      | Reached XP level 7. HP: 65/66 MP: 6/6
  3253 | D:4      | Found a blossoming altar of Fedhas.
  3291 | D:4      | Found a hide-covered altar of Uskayaw.
  3373 | D:4      | Noticed Eustachio
  3392 | D:4      | Killed Eustachio
  3553 | D:4      | Found a sparkling altar of Nemelex Xobeh.
  3602 | D:4      | Found a burning altar of Makhleb.
  3602 | D:4      | Noticed a blizzard demon
  3605 | D:4      | Noticed a smoke demon
  3605 | D:4      | Noticed a smoke demon
  3727 | D:4      | Found a glowing silver altar of Zin.
  3768 | D:5      | Entered Level 5 of the Dungeon
  3807 | D:5      | Reached skill level 8 in Fighting
  3933 | D:5      | Found an ornate altar of the Wu Jian Council.
  3967 | D:5      | Found a staircase to the Ecumenical Temple.
  3984 | Temple   | Entered the Ecumenical Temple
  4314 | D:5      | Identified the +6 chain mail "Eprot" {rF+ Will+}
  4494 | D:5      | Reached XP level 8. HP: 75/75 MP: 7/7
  5054 | D:6      | Reached skill level 9 in Fighting
  5081 | D:6      | Found a hazy altar of Hepliaklqana.
  6146 | D:7      | Reached skill level 10 in Fighting
  6266 | D:7      | Reached skill level 10 in Axes
  6372 | D:7      | Reached XP level 9. HP: 72/86 MP: 8/8
  6557 | D:7      | Found a stormy altar of Qazlal.
  6720 | D:7      | Found a runed translucent gate.
  6720 | D:7      | Found a runed translucent gate.
  6720 | D:7      | Found a runed translucent gate.
  6720 | D:7      | Noticed RogueRain17's ghost (novice DsCj)
  6722 | D:7      | Found a basalt altar of Yredelemnul.
  6786 | D:7      | Killed RogueRain17's ghost
  6787 | D:7      | Reached skill level 11 in Fighting
  6927 | D:7      | Noticed an angel
  6928 | D:7      | Found Tyiffa's Hallowed Reliquary.
  6948 | D:7      | Bought a potion of heal wounds for 55 gold pieces
  6948 | D:7      | Bought 2 potions of curing for 66 gold pieces
  6948 | D:7      | Bought a potion of curing for 33 gold pieces
  6948 | D:7      | Bought a potion of heal wounds for 55 gold pieces
  7138 | D:7      | Found a snail-covered altar of Cheibriados.
  7557 | D:8      | Found a shimmering altar of Xom.
  7613 | D:8      | Found a transporter.
  7618 | D:8      | Found a transporter.
  7619 | D:8      | Noticed DemonSlayer's ghost (novice DsFE)
  7623 | D:8      | Noticed a tengu conjurer
  7692 | D:8      | Killed a tengu conjurer
  7693 | D:8      | Reached skill level 1 in Dodging
  7708 | D:8      | Killed DemonSlayer's ghost
  7709 | D:8      | Reached skill level 5 in Armour
  7709 | D:8      | Reached skill level 5 in Shields
  7713 | D:8      | Identified the +7 broad axe of the Hero {vorpal, Stlth+}
  7739 | D:8      | Found a staircase to the Lair.
  7825 | D:8      | Found a sacrificial altar of Ru.
  8246 | D:9      | Found a runed translucent gate.
  8247 | D:9      | Found a runed translucent gate.
  8248 | D:9      | Found a runed translucent gate.
  8250 | D:9      | Noticed quakins's ghost (novice MiBe)
  8262 | D:9      | Identified the +1 chain mail of Zin, Forging {+Inv rF-
                  | Regen+ Stlth+}
  8306 | D:9      | Noticed a kobold demonologist
  8313 | D:9      | Reached XP level 10. HP: 94/96 MP: 9/9
  8314 | D:9      | Noticed a rust devil
  8371 | D:9      | Reached skill level 5 in Dodging
  8610 | D:9      | Found an iron altar of Okawaru.
  8653 | D:9      | Became a worshipper of Warmaster Okawaru
  9328 | D:9      | Noticed TheSexyCheese's ghost (novice TrBe)
  9329 | D:9      | Noticed nickcage's ghost (novice MfGl)
  9329 | D:9      | Noticed juncz's ghost (novice GnIE)
  9867 | D:10     | Entered Level 10 of the Dungeon
 10312 | D:10     | Reached * piety under Okawaru
 10622 | D:10     | Noticed a two-headed ogre
 10630 | D:10     | Killed a two-headed ogre
 10631 | D:10     | Reached XP level 11. HP: 86/102 MP: 10/10
 11150 | D:11     | Reached ** piety under Okawaru
 11153 | D:11     | Reached skill level 1 in Invocations
 11213 | D:11     | Found a portal to a secret trove of treasure.
 11259 | D:11     | Reached skill level 1 in Stealth
 11394 | D:11     | Noticed a boulder beetle
 11407 | D:11     | Killed a boulder beetle
 11549 | D:12     | Noticed a skeletal warrior
 11551 | D:12     | Noticed a skeletal warrior
 11554 | D:12     | Noticed a skeletal warrior
 11570 | D:11     | Killed a skeletal warrior
 11570 | D:11     | Reached *** piety under Okawaru
 11581 | D:11     | Killed a skeletal warrior
 12034 | Lair:1   | Entered Level 1 of the Lair of Beasts
 12340 | Lair:1   | Identified the +1 leather armour "Asih" {Harm Dex+5 Slay+3}
 12561 | Lair:1   | Reached **** piety under Okawaru
 12766 | Lair:1   | Noticed a six-headed hydra
 13296 | Lair:1   | Reached skill level 10 in Shields
 13297 | Lair:1   | Reached skill level 10 in Armour
 13308 | Lair:1   | Killed a seven-headed hydra
 13647 | Lair:2   | Found a staircase to the Snake Pit.
 13650 | Lair:2   | Noticed a five-headed hydra
 13663 | Lair:1   | Killed a five-headed hydra
 13663 | Lair:1   | Reached ***** piety under Okawaru
 13664 | Lair:1   | Reached XP level 12. HP: 77/110 MP: 14/14
 13785 | Lair:2   | Paralysed by a hornet for 1 turns
 13972 | Lair:2   | Noticed a death yak
 13972 | Lair:2   | Noticed a death yak
 13973 | Lair:2   | Noticed a death yak
 13973 | Lair:2   | Noticed a death yak
 13973 | Lair:2   | Noticed a death yak
 13974 | Lair:2   | Noticed a death yak
 13981 | Lair:2   | Killed a death yak
 13982 | Lair:2   | Reached skill level 1 in Throwing
 13986 | Lair:2   | Killed a death yak
 13991 | Lair:2   | Killed a death yak
 13996 | Lair:2   | Killed a death yak
 13997 | Lair:2   | Reached skill level 5 in Invocations
 14002 | Lair:2   | Killed a death yak
 14013 | Lair:2   | Killed a death yak
 14057 | Lair:2   | Received a gift from Okawaru
 14692 | Lair:2   | Found a staircase to the Shoals.
 14727 | Lair:2   | Reached skill level 10 in Dodging
 14804 | Lair:2   | Noticed a five-headed hydra
 14816 | Lair:2   | Killed a five-headed hydra
 15305 | Lair:2   | Noticed Harold
 15311 | Lair:2   | Killed Harold
 15351 | Lair:2   | Reached skill level 5 in Throwing
 16015 | Lair:3   | Received a gift from Okawaru
 16269 | Lair:3   | Identified the +6 chain mail "Batzus" {rElec rF+ Will-
                  | Int+2} (Okawaru gifted it to you on level 3 of the Lair of
                  | Beasts)
 16269 | Lair:3   | Received a gift from Okawaru
 16269 | Lair:3   | Noticed a boulder beetle
 16285 | Lair:3   | Killed a boulder beetle
 16286 | Lair:3   | Reached XP level 13. HP: 46/116 MP: 15/17
 16737 | Lair:3   | Identified the +1 ring mail of Laepurutu {rElec MP+9 Dex-5
                  | SInv}
 18273 | Lair:4   | Found a transporter.
 18274 | Lair:4   | Found a bloodstained altar of Trog.
 18274 | Lair:4   | Noticed Zaegoraum's ghost (journeyman DsAK)
 18280 | Lair:4   | Found a transporter.
 18776 | Lair:4   | Identified the +4 long sword "Fiang" {venom, Stlth+}
 19038 | Lair:4   | Paralysed by a hornet for 3 turns
 19617 | Lair:4   | Killed Zaegoraum's ghost
 19930 | D:9      | Killed juncz's ghost
 19930 | D:9      | Received a gift from Okawaru
 19932 | D:9      | Killed nickcage's ghost
 19939 | D:9      | Killed quakins's ghost
 19939 | D:9      | Received a gift from Okawaru
 19944 | D:9      | Killed TheSexyCheese's ghost
 20129 | Lair:5   | Entered Level 5 of the Lair of Beasts
 20142 | Lair:5   | Identified the +5 hand axe of Foereedghinne {protect, rC+
                  | rN+ Int+2}
 20231 | Lair:5   | Received a gift from Okawaru
 20358 | Lair:5   | Found a dark tunnel.
 20378 | Volcano  | Entered a volcano
 20542 | Volcano  | Received a gift from Okawaru
 20551 | Volcano  | Reached XP level 14. HP: 79/124 MP: 20/20
 20707 | Volcano  | Reached skill level 10 in Invocations
 20757 | Volcano  | Received a gift from Okawaru
 21004 | Volcano  | Reached ****** piety under Okawaru
 21317 | Lair:5   | Found a viscous altar of Jiyva.
 21319 | Lair:5   | Found a staircase to the Slime Pits.
 21330 | Lair:5   | Identified the +7 rapier "Neosh" {antimagic, rF+ Str+2
                  | Int+3} (Okawaru gifted it to you on level 5 of the Lair of
                  | Beasts)
 21330 | Lair:5   | Received a gift from Okawaru
 22962 | Lair:5   | Reached skill level 12 in Fighting
 23906 | Lair:5   | Received a gift from Okawaru
 23907 | Lair:5   | Reached skill level 1 in Maces & Flails
 26190 | D:12     | Found a staircase to the Orcish Mines.
 26418 | Orc:1    | Entered Level 1 of the Orcish Mines
 26651 | Orc:2    | Entered Level 2 of the Orcish Mines
 26824 | Orc:2    | Found a radiant altar of Vehumet.
 26909 | Orc:2    | Found Resoawko's Antique Armour Boutique.
 26990 | Orc:2    | Found a staircase to the Elven Halls.
 27010 | Orc:2    | Noticed Snorg
 27022 | Orc:2    | Killed Snorg
 27359 | Orc:2    | Reached skill level 13 in Fighting
 27608 | Orc:1    | Demolished by an ettin

Illustrated notes

Levels and vault maps discovered:
D:1:      dpeg_arrival_oval, layout_basic, ebering_ecumenical_altar_box,
          serial_rivers, chequers_serial_rivers_large_b,
          chequers_serial_rivers_small_a, chequers_serial_rivers_small_a,
          chequers_serial_rivers_small_b, chequers_serial_rivers_micro_a,
          chequers_serial_rivers_micro_c
D:2:      minmay_chambers_of_twos, layout_loops_ring, serial_undead,
          serial_undead_a, serial_undead_e, serial_undead_d, serial_undead_b
D:3:      layout_basic, mainiacjoe_overflow_six_doors_small,
          chequers_serial_rivers_micro_e, uniq_pargi
D:4:      layout_loops_ring, makhleb_altar_promises_db,
          mainiacjoe_overflow_surrounded_room, zin_treasury,
          mainiacjoe_overflow_two_lobes, uniq_eustachio
D:5:      layout_cave_pods, nicolae_wu_jian_wuxing_cycle,
          minmay_temple_entry_mini_moons, nrook_mini_backslash,
          minmay_strange_pillars, minmay_misc_feat_nine_boxes,
          minmay_strange_pillars
D:6:      layout_basic, worldfamousw_hep_ancestral_shrine, st_stairs_1
D:7:      layout_rooms, amcnicky_altar_gilded, chei_slow_surprise,
          nicolae_yredelemnul_ghost_church, nicolae_good_shop
D:8:      layout_layer_cave, xom_butterflies, hangedman_ru_absence,
          lair_entry_dummy, gammafunk_ghost_arena
D:9:      layout_grid_maze, mainiacjoe_overflow_alcove_4,
          gammafunk_ghost_cemetery
D:10:     layout_basic
D:11:     layout_basic, enter_trove_3
D:12:     layout_long_grid, hiddenorc1_lemuel
Temple:   hellmonk_temple_rainy
Lair:1:   cheibrodos_lair_river_kwai, layout_chaotic_city,
          cheibrodos_lair_lostbears
Lair:2:   layout_regular_city, minmay_shoals_entry_centaurs, dummy_snake_entry,
          serial_rivers, chequers_serial_rivers_small_3,
          chequers_serial_rivers_marsh, chequers_serial_rivers_marsh,
          chequers_serial_rivers_marsh, chequers_serial_rivers_small_a,
          chequers_serial_rivers_room_b, infiniplex_staircase_pool, uniq_harold
Lair:3:   layout_cave_pods, st_stairs_8, beast_lair_carwin_8,
          grunt_megastairs_3, serial_bayou_shore_a
Lair:4:   layout_regular_city, gammafunk_ghost_wrathful_warriors,
          beast_lair_carwin_11
Lair:5:   minmay_lair_end_enchanted_forest, layout_cave_pods,
          minmay_slime_entry_oklob_enclosed, enter_volcano_3
Orc:1:    layout_caves
Orc:2:    hellmonk_orc_salted, layout_caves, serial_shops, shop, basic_altar,
          uniq_snorg

Skill      XL: |  1  2  3  4  5  6  7  8  9 10 11 12 13 14 |
---------------+-------------------------------------------+-----
Fighting       | 4 5 6 7 8 10 11 13 | 13.0
Axes           | 3 5 6 8 10 11 12 | 12.7
Armour         | 5 8 10 | 10.3
Shields        | 5 8 10 | 10.3
Dodging        | 3 6 8 10 12 | 12.9
Invocations    | 4 7 9 11 | 11.4
Stealth        | 3 |  3.9
Throwing       | 5 8 9 |  9.0
Maces & Flails | 4 |  4.1

Action                   |  1- 3 |  4- 6 |  7- 9 | 10-12 | 13-15 || total
-------------------------+-------+-------+-------+-------+-------++-------
Melee: War axe           |    74 |   110 |   221 |       |       ||   405
       Headbutt          |    13 |    15 |    37 |    86 |   157 ||   308
       Broad axe         |       |       |    16 |   376 |   673 ||  1065
       Flail             |       |       |       |    18 |    25 ||    43
       Eveningstar       |       |       |       |       |    18 ||    18
       Unarmed           |       |       |       |       |     5 ||     5
Throw: Javelin           |       |       |       |     8 |     1 ||     9
       Throwing net      |       |       |       |       |     4 ||     4
Invok: Heroism           |       |       |       |     5 |     7 ||    12
  Use: Potion            |       |     1 |       |     4 |     2 ||     7
       Scroll            |       |       |     8 |     9 |     9 ||    26
Armor: Scale mail        |    40 |    60 |   155 |    77 |       ||   332
       Plate armour      |       |       |       |   180 |   519 ||   699
       Skin              |       |       |       |     6 |       ||     6
Dodge: Dodged            |    45 |    37 |   103 |   179 |   392 ||   756
Block: Buckler           |    14 |    23 |    13 |       |   182 ||   232
       Kite shield       |       |       |    62 |   248 |   155 ||   465
